 Dungeon Crawl Stone Soup version 0.25-a0-435-g4b9beb1024 (webtiles) character file.

Game seed: 1934685770538166142, levelgen mode: deterministic

86734 Conn the Eclecticist (level 15, -7/103 HPs)
             Began as an Octopode Wizard on Jan 26, 2020.
             Killed from afar by a deep troll earth mage (38 damage)
             ... with a blast of crystal shards
             ... on level 15 of the Dungeon on Jan 27, 2020.
             The game lasted 04:05:55 (34811 turns).

Conn the Eclecticist (Octopode Wizard)             Turns: 34811, Time: 04:05:56

Health: -7/103     AC:  3    Str: 11    XL:     15   Next: 88%
Magic:  36/43      EV: 20    Int: 25    God:
Gold:   250        SH:  7    Dex: 11    Spells: 2/44 levels left

rFire    + . .     SeeInvis .   N - +10 rapier of Laarineyv {freeze, *Slow rElec rN++ Stlth+}
rCold    . . .     Gourm    .   X - +3 buckler
rNeg     + + .     Faith    .   a - +2 hat
rPois    +         Spirit   .   j - amulet of magic regeneration
rElec    +         Reflect  .   Z - ring of wizardry
rCorr    .         Harm     .   h - ring of protection from fire
MR       +....                  K - +4 ring of evasion
Stlth    +++++.....             J - ring of poison resistance
HPRegen  0.27/turn              D - ring of fire
MPRegen  0.53/turn              k - ring of ice (curse)
                                W - +3 ring of intelligence
                                R - ring of magical power (curse)

@: very slightly contaminated
A: almost no armour, stealthy swim, amphibious, 8 rings, constrict 8, camouflage
1, gelatinous body 1
a: no special abilities


You were on level 15 of the Dungeon.
You were hungry.

You visited 5 branches of the dungeon, and saw 25 of its levels.
You also visited: Sewer and Volcano.

You collected 2050 gold pieces.
You spent 1800 gold pieces at shops.

Inventory:

Hand Weapons
 t - the +11 broad axe of Kismet {freeze, *Rage rF++ Int+5}
   (You found it on level 13 of the Dungeon)

   It has been specially enchanted to freeze those struck by it, causing extra
   injury to most foes and up to half again as much damage against particularly
   susceptible opponents.
   It can also slow down cold-blooded creatures.
   It affects your intelligence (+5).
   It greatly protects you from fire.
   It may make you go berserk in combat.
 A - the +6 dagger of the Beginning {freeze, +Inv}
   (You found it on level 4 of the Dungeon)

   It has been specially enchanted to freeze those struck by it, causing extra
   injury to most foes and up to half again as much damage against particularly
   susceptible opponents.
   It can also slow down cold-blooded creatures.
   It lets you turn invisible.
 H - a +5 short sword of electrocution
 N - the +10 rapier of Laarineyv (weapon) {freeze, *Slow rElec rN++ Stlth+}
   (You found it on level 2 of the Lair of Beasts)

   It has been specially enchanted to freeze those struck by it, causing extra
   injury to most foes and up to half again as much damage against particularly
   susceptible opponents.
   It can also slow down cold-blooded creatures.
   It insulates you from electricity.
   It greatly protects you from negative energy.
   It may slow you when you take damage.
   It makes you more stealthy.
 S - the cursed +1 short sword of Sharkskin {protect, rElec MR+}
   (You took it off an orc wizard on level 10 of the Dungeon)

   It grants its wielder temporary protection when it strikes (+7 to AC).
   It insulates you from electricity.
   It affects your resistance to hostile enchantments.
   It has a curse placed upon it.
Missiles
 z - 6 curare-tipped darts
 C - 47 poisoned darts
 G - 6 atropa-tipped darts (quivered)
Armour
 a - a +2 hat (worn)
 X - a +3 buckler (worn)
Magical Staves
 E - an uncursed staff of poison {unknown}
 L - an uncursed staff of wizardry
Jewellery
 h - a ring of protection from fire (right tentacle)
 j - an amulet of magic regeneration (around mantle)
 k - a cursed ring of ice (on tentacle)
 m - a +5 amulet of reflection {unknown}
 x - an uncursed ring of fire
 D - a ring of fire (on tentacle)
 J - a ring of poison resistance (on tentacle)
 K - a +4 ring of evasion (on tentacle)
 O - an uncursed amulet of regeneration {unknown}
 P - an uncursed ring of flight
 Q - an uncursed ring of positive energy
 R - a cursed ring of magical power (on tentacle)
 V - a cursed amulet of inaccuracy {unknown}
 W - a +3 ring of intelligence (on tentacle)
 Z - a ring of wizardry (left tentacle)
Wands
 r - a wand of digging (11)
 v - a wand of iceblast (1)
Scrolls
 d - 29 scrolls of identify
 e - 6 scrolls of fog
 i - 12 scrolls of remove curse
 p - 7 scrolls of teleportation
 y - a scroll of brand weapon
 B - a scroll of enchant armour
 M - 4 scrolls of magic mapping
 T - 3 scrolls of amnesia
Potions
 f - a potion of berserk rage
 g - 8 potions of curing
 l - 4 potions of agility
 n - a potion of might
 o - 3 potions of flight
 q - 3 potions of heal wounds
 u - 4 potions of resistance
 w - 3 potions of haste
Comestibles
 c - 24 rations


   Skills:
 + Level 10.3 Fighting
 + Level 9.2 Short Blades
 + Level 0.3 Staves
 + Level 0.1 Throwing
 + Level 6.5 Dodging
 - Level 7.1 Stealth
 * Level 3.1 Shields
 * Level 15.0 Spellcasting
 + Level 10.7 Conjurations
 + Level 3.1 Charms
 + Level 4.4 Summonings
 - Level 5.0 Translocations
 * Level 3.9 Fire Magic
 * Level 4.2 Ice Magic
 - Level 3.1 Air Magic
 - Level 4.6 Poison Magic
 - Level 5.2 Evocations


You had 2 spell levels left.
You knew the following spells:

 Your Spells              Type           Power        Failure   Level  Hunger
a - Magic Dart            Conj           ####         1%          1    None
b - Blink                 Tloc           N/A          1%          2    None
c - Call Imp              Summ           #####...     1%          2    None
d - Conjure Flame         Conj/Fire      ######..     1%          3    None
e - Mephitic Cloud        Conj/Pois/Air  #####...     1%          3    None
f - Ozocubu's Armour      Chrm/Ice       ######..     1%          3    None
g - Shroud of Golubria    Chrm/Tloc      #####.       1%          2    None
h - Freezing Cloud        Conj/Ice/Air   ######....   16%         6    ####...
i - Ring of Flames        Chrm/Fire      ######....   92%         7    ######.
j - Sticky Flame          Conj/Fire      ######..     1%          4    None
k - Fireball              Conj/Fire      ######....   1%          5    ##.....
l - Hailstorm             Conj/Ice       ######..     1%          4    None

Your spell library contained the following spells:

 Spells                   Type           Power        Failure   Level  Hunger
 Animate Skeleton         Necr           N/A          1%          1    None
 Foxfire                  Conj/Fire      ####         1%          1    None
 Freeze                   Ice            ####         1%          1    None
 Infusion                 Chrm           ####         1%          1    None
 Pain                     Necr           ###.         1%          1    None
 Poisonous Vapours        Pois/Air       #####.       1%          2    None
 Slow                     Hex            ###.....     1%          2    None
 Song of Slaying          Chrm           ####....     1%          2    None
 Inner Flame              Hex/Fire       #####...     1%          3    None
 Spectral Weapon          Hex/Chrm       ####....     2%          3    None
 Summon Ice Beast         Ice/Summ       ######..     2%          4    None
 Vampiric Draining        Necr           ###.......   4%          3    None
 Animate Dead             Necr           N/A          13%         4    None
 Agony                    Necr           ###.....     32%         5    ##.....


Dungeon Overview and Level Annotations

Branches:
Dungeon (15/15)            Temple (1/1) D:7            Lair (6/6) D:9
  Swamp (0/4) Lair:2       Spider (0/4) Lair:3        Slime (0/5) Lair:6
    Orc (2/2) D:10         Vaults (0/5) D:14         Depths (1/5) D:15
  Sewer (visited)         Volcano (visited)
    Elf: Orc:2

Altars:
Ashenzari
Cheibriados
Dithmenos
Fedhas
Gozag
Hepliaklqana
Kikubaaqudgha
Makhleb
Nemelex Xobeh
Okawaru
Qazlal
Ru
Uskayaw
Vehumet
Wu Jian
Xom
Yredelemnul
Zin
The Shining One

Shops:
D:7 =   D:8 *(=   D:11 :

Annotations:
D:9 1 runed translucent door
Lair:5 1 runed translucent door, astraldaughter's ghost, journeyman GnWz
Lair:6 PeterQ's ghost, journeyman TrGl
Orc:2 Azrael


Innate Abilities, Weirdness & Mutations

You cannot wear most types of armour.
You are very stealthy in the water. (Stealth+)
You are amphibious.
You can wear up to eight rings at the same time.
You can use your tentacles to constrict eight enemies at once.
Your skin changes colour to match your surroundings (Stealth+).
Your rubbery body absorbs attacks. (AC +1, EV +1)


Message History

You hear a horrible gurgling sound!
Casting: Mephitic Cloud (safe; 1% risk of failure)
Confirm with . or Enter, or press ? or * to list all spells.
Okay, then.
Unknown command.
Okay, then.
Unknown command.
Unknown command.
Evoke which item? (* to show all) (? for menu, Esc to quit)
Okay, then.
Unknown command.
Unknown command.
Press: ? - help, v - describe, . - travel, g - get item
Here: a deep troll earth mage (moderately wounded)
An ugly thing skeleton.
The floor, spattered with blood.
Unknown command.
The deep troll earth mage points at you and mumbles some strange words.
The crystal wall shatters!
The blast of crystal shards hits you!!!
You die...

#....<............
..##########..#####
..'...........#
..######.###### #'#
.. ##:## #.#
##...## ... #.....#
#.##..@..#
..##...#####
#.##.####.##
##○)T.##...#
#..°u.#...§##
#..#☼......>#
##.##.#....##
#.....##...#
##.#..###.##


You could see a cyan ugly thing and a deep troll earth mage.

Vanquished Creatures
  An acid blob (shapeshifter) (D:15)
  Kirke (D:15)
  Nessos (D:13)
  Josephine (Lair:6)
  An ogre mage (Orc:2)
  Harold (D:10)
  An ice dragon (D:13)
  11 two-headed ogres
  2 hydras
  A centaur warrior (D:15)
  2 dancing weapons (D:14)
  A hell hog (Volcano)
  8 death yaks (Lair:3)
  A fire crab (Volcano)
  2 unseen horrors
  A wizard (D:15)
  An unseen horror (shapeshifter) (D:13)
  2 orc knights
  An orb spider (Lair:3)
  2 deep elf magi
  An orc sorcerer (Orc:2)
  12 ugly things
  A manticore (D:15)
  4 cyclopes
  16 elephants
  Joseph (D:7)
  5 black mambas
  A torpor snail (Lair:3)
  2 centaur skeletons
  4 gargoyles
  5 spiny frogs
  6 rime drakes
  Maggie (Lair:1)
  2 kobold demonologists (D:12)
  6 komodo dragons
  A merfolk (D:11)
  3 polar bears
  3 hornets (Lair:6)
  9 trolls
  7 slime creatures
  11 dream sheep
  23 blink frogs
  5 hippogriffs
  A meliai zombie (D:11)
  9 wraiths
  22 yaks
  A tarantella (shapeshifter) (D:15)
  2 centaur simulacra
  A shadow (D:14)
  2 wyverns
  A fire elemental (Orc:2)
  4 hogs (D:15)
  Eustachio (D:4)
  11 spriggans (Lair:6)
  20 fire bats
  4 hungry ghosts
  A steam dragon (Volcano)
  2 vampire mosquitoes (D:14)
  4 basilisks
  3 soldier ants
  11 water moccasins
  A hell hound (Orc:2)
  A water moccasin (shapeshifter) (D:15)
  Duvessa (D:7)
  10 orc warriors
  5 porcupines
  3 ice beasts
  An eye of draining (shapeshifter) (D:15)
  5 sky beasts
  3 phantoms
  9 black bears
  2 eyes of draining
  A necrophage (D:14)
  23 ogres
  13 wolves (Lair:6)
  9 boggarts
  9 centaurs
  7 crocodiles
  2 big kobolds
  28 bullfrogs
  2 wyvern zombies
  5 gnoll sergeants (D:7)
  Dowan (D:7)
  A scorpion (D:12)
  A water moccasin skeleton (D:7)
  13 killer bees
  11 wights
  A howler monkey (D:6)
  2 centaur zombies
  4 crimson imps
  2 quasits
  13 hounds
  24 orc wizards
  3 gnoll shamans (D:7)
  14 orc priests
  Crazy Yiuf (D:7)
  5 iguanas
  10 jellies
  13 worker ants
  6 hell rats (Lair:3)
  2 hound zombies (D:10)
  A hound skeleton (D:8)
  Robin (D:4)
  19 gnolls
  13 river rats
  12 adders
  2 shadow imps
  9 oozes (D:7)
  3 adder zombies
  An adder skeleton (D:6)
  3 worms
  5 dart slugs
  7 leopard geckos
  78 orcs
  A ball python (D:5)
  7 giant cockroaches
  7 hobgoblins
  8 jackals
  7 quokkas
  58 bats
  5 frilled lizards
  19 goblins
  A jackal skeleton (D:4)
  19 kobolds
  A leopard gecko skeleton (D:4)
  A leopard gecko zombie (D:7)
  A quokka skeleton (D:7)
  30 rats
  3 fungi
  2 plants
862 creatures vanquished.

Vanquished Creatures (collateral kills)
  A manticore (D:12)
  A rime drake (Lair:1)
  A spiny frog (Lair:1)
  A hippogriff (Lair:1)
  A wraith (D:9)
  A spriggan (Lair:6)
  A shadow (D:9)
  A yak (D:9)
  A fire bat (D:9)
  An eye of draining (D:12)
  3 wights
  A hound (D:9)
  An orc priest (D:7)
  Ijyb (D:4)
  2 gnolls (D:2)
  5 adders
  2 oozes (D:7)
  A leopard gecko (D:6)
  4 orcs
  9 bats (D:9)
  A giant cockroach (D:3)
  4 goblins (D:4)
  A quokka (D:8)
45 creatures vanquished.

Vanquished Creatures (others)
  A human (D:15)
  A killer bee (D:12)
  An orc wizard (Orc:2)
  14 fungi
  5 plants
22 creatures vanquished.

Grand Total: 929 creatures vanquished

Notes
Turn   | Place    | Note
-------+----------+-------------------------------------------
     0 | D:1      | Conn the Octopode Wizard began the quest for the Orb.
     0 | D:1      | Reached XP level 1. HP: 11/11 MP: 4/4
   382 | D:1      | Reached XP level 2. HP: 17/17 MP: 3/6
   433 | D:1      | Learned a level 2 spell: Blink
   436 | D:1      | Learned a level 2 spell: Call Imp
   951 | D:1      | Reached skill level 1 in Fighting
   951 | D:1      | Reached XP level 3. HP: 23/23 MP: 4/8
  1479 | D:2      | Found an iron altar of Okawaru.
  1839 | D:2      | Reached XP level 4. HP: 28/28 MP: 2/9
  2142 | D:2      | Reached skill level 4 in Spellcasting
  2288 | D:2      | Learned a level 3 spell: Conjure Flame
  2292 | D:2      | Learned a level 3 spell: Mephitic Cloud
  3131 | D:2      | Reached XP level 5. HP: 33/33 MP: 9/11
  3467 | D:3      | Found a glowing drain.
  3484 | D:3      | Reached skill level 1 in Short Blades
  3645 | Sewer    | Entered a sewer
  3725 | Sewer    | Noticed a big kobold
  3748 | Sewer    | Killed a big kobold
  3748 | Sewer    | Reached skill level 1 in Poison Magic
  3748 | Sewer    | Reached XP level 6. HP: 38/38 MP: 12/12
  3775 | Sewer    | Found a glowing silver altar of Zin.
  4639 | D:4      | Reached skill level 1 in Air Magic
  4702 | D:4      | Noticed Robin
  4712 | D:5      | Entered Level 5 of the Dungeon
  4983 | D:4      | Killed Robin
  5060 | D:4      | Reached XP level 7. HP: 35/45 MP: 9/14
  5193 | D:4      | Reached skill level 5 in Spellcasting
  5224 | D:4      | Found a snail-covered altar of Cheibriados.
  5233 | D:4      | Got a bloodstained dagger
  5234 | D:4      | Identified the +6 dagger of the Beginning {freeze, +Inv}
                  | (You found it on level 4 of the Dungeon)
  5305 | D:4      | HP: 2/45 [poisoned by a worker ant]
  5465 | D:4      | Noticed Eustachio
  5475 | D:4      | Noticed Ijyb
  5487 | D:4      | Killed Eustachio
  5506 | D:4      | Reached skill level 1 in Evocations
  5515 | D:4      | Killed Ijyb
  5741 | D:4      | Reached XP level 8. HP: 45/51 MP: 16/16
  5966 | D:5      | Found a glowing golden altar of the Shining One.
  7372 | D:5      | Reached skill level 6 in Spellcasting
  7725 | D:6      | Reached XP level 9. HP: 56/56 MP: 13/18
  7781 | D:6      | Noticed a +0 hand axe
  8221 | D:6      | Noticed a +0 dagger
  8222 | D:6      | Found a hide-covered altar of Uskayaw.
  8731 | D:6      | Found a shadowy altar of Dithmenos.
  8737 | D:6      | Found a radiant altar of Vehumet.
  9118 | D:7      | Noticed Duvessa
  9132 | D:7      | Noticed Dowan
  9138 | D:7      | Killed Duvessa
  9145 | D:7      | Killed Dowan
  9156 | D:7      | Reached skill level 7 in Spellcasting
  9688 | D:7      | Found Zosche's Jewellery Shoppe.
  9692 | D:7      | Bought an uncursed ring of fire for 300 gold pieces
  9708 | D:7      | Noticed Joseph
  9905 | D:7      | Found a glowing golden altar of the Shining One.
  9965 | D:7      | Reached skill level 5 in Stealth
  9971 | D:7      | Reached XP level 10. HP: 44/63 MP: 9/21
 10430 | D:7      | Reached skill level 8 in Spellcasting
 10443 | D:7      | Reached skill level 5 in Conjurations
 10836 | D:7      | Killed Joseph
 11276 | D:7      | Found a runed translucent door.
 11277 | D:7      | Noticed Crazy Yiuf
 11288 | D:7      | Killed Crazy Yiuf
 11327 | D:7      | Found a staircase to the Ecumenical Temple.
 11336 | Temple   | Entered the Ecumenical Temple
 11729 | D:8      | Found Venwoch's General Store.
 11737 | D:8      | Found Kuylych's Antique Weapon Shoppe.
 11898 | D:8      | Found Juptus's Jewellery Shop.
 11909 | D:8      | Bought an uncursed ring of poison resistance for 220 gold
                  | pieces
 12031 | D:8      | Found a shimmering altar of Xom.
 12789 | D:9      | Noticed a two-headed ogre
 12800 | D:9      | Found a runed translucent door.
 12806 | D:9      | Noticed a flayed ghost
 12823 | D:9      | Killed a two-headed ogre
 12823 | D:9      | Reached skill level 9 in Spellcasting
 12990 | D:9      | Reached skill level 5 in Evocations
 13001 | D:9      | Reached XP level 11. HP: 34/70 MP: 13/24
 13254 | D:9      | Found a staircase to the Lair.
 13540 | D:9      | Reached skill level 5 in Fighting
 13672 | D:9      | Found a snail-covered altar of Cheibriados.
 14375 | D:9      | Found a glowing silver altar of Zin.
 14395 | D:9      | Found an iron altar of Okawaru.
 14410 | D:9      | Found a shadowy altar of Dithmenos.
 14437 | D:9      | Found an opulent altar of Gozag.
 14476 | D:9      | Found a shadowy altar of Dithmenos.
 14786 | Lair:1   | Entered Level 1 of the Lair of Beasts
 14842 | Lair:1   | Noticed Maggie
 14875 | Lair:1   | Killed Maggie
 15151 | D:10     | Entered Level 10 of the Dungeon
 15186 | D:10     | Noticed Harold
 15291 | D:10     | Killed Harold
 15342 | D:10     | Reached skill level 10 in Spellcasting
 15408 | D:10     | Noticed a two-headed ogre
 15514 | D:9      | Learned a level 3 spell: Ozocubu's Armour
 16229 | Lair:1   | Learned a level 2 spell: Shroud of Golubria
 16334 | Lair:2   | Reached XP level 12. HP: 80/80 MP: 19/26
 16397 | Lair:2   | Found a dark tunnel.
 16408 | Volcano  | Entered a volcano
 16634 | Volcano  | Noticed a hell hog
 16649 | Volcano  | Killed a hell hog
 16649 | Volcano  | Reached skill level 5 in Short Blades
 16951 | Lair:2   | Reached skill level 11 in Spellcasting
 17307 | Lair:2   | Got a shimmering rapier
 17308 | Lair:2   | Identified the +10 rapier of Laarineyv {freeze, *Slow rElec
                  | rN++ Stlth+} (You found it on level 2 of the Lair of
                  | Beasts)
 17546 | Lair:2   | Found a staircase to the Swamp.
 18238 | Lair:3   | Noticed a death yak
 18238 | Lair:3   | Noticed a death yak
 18239 | Lair:3   | Noticed a death yak
 18243 | Lair:3   | Noticed a death yak
 18274 | Lair:3   | Killed a death yak
 18371 | Lair:3   | Killed a death yak
 18376 | Lair:3   | Killed a death yak
 18380 | Lair:3   | Killed a death yak
 18451 | Lair:3   | Reached XP level 13. HP: 53/88 MP: 15/28
 18464 | Lair:3   | Reached skill level 12 in Spellcasting
 18699 | Lair:3   | Reached skill level 1 in Charms
 18704 | Lair:3   | Reached skill level 5 in Dodging
 19374 | Lair:3   | Found a hole to the Spider Nest.
 19418 | Lair:3   | You fall into a shaft and drop 3 floors!
 19418 | Lair:6   | Entered Level 6 of the Lair of Beasts
 19443 | Lair:6   | Found a stormy altar of Qazlal.
 19515 | Lair:5   | Reached skill level 5 in Translocations
 20280 | Lair:5   | Found a runed translucent door.
 20285 | Lair:5   | Noticed astraldaughter's ghost (journeyman GnWz)
 22612 | Lair:6   | Reached skill level 13 in Spellcasting
 22692 | Lair:6   | Found a transporter.
 22695 | Lair:6   | Noticed PeterQ's ghost (journeyman TrGl)
 23082 | Lair:6   | Reached XP level 14. HP: 92/97 MP: 23/31
 24085 | Lair:6   | Noticed Josephine
 24113 | Lair:6   | Reached skill level 1 in Ice Magic
 24118 | Lair:6   | Found a staircase to the Slime Pits.
 24178 | Lair:6   | Killed Josephine
 24206 | Lair:6   | Found a transporter.
 25583 | D:10     | Found a staircase to the Orcish Mines.
 25596 | D:10     | Identified the cursed +1 short sword of Sharkskin {protect,
                  | rElec MR+}
 26494 | Orc:1    | Entered Level 1 of the Orcish Mines
 27047 | Orc:2    | Entered Level 2 of the Orcish Mines
 27743 | Orc:2    | Reached skill level 10 in Conjurations
 27745 | Orc:2    | Noticed Azrael
 28185 | D:11     | Reached skill level 14 in Spellcasting
 28595 | D:11     | Found a shimmering altar of Xom.
 29434 | D:11     | Found Deuxzinu's Book Boutique.
 29439 | D:11     | Bought a book of Clouds for 720 gold pieces
 29521 | D:12     | Learned a level 6 spell: Freezing Cloud
 29529 | D:12     | Learned a level 7 spell: Ring of Flames
 29888 | D:12     | Reached skill level 1 in Fire Magic
 29892 | D:12     | Reached XP level 15. HP: 84/103 MP: 33/33
 30000 | D:12     | HP: 3/103 [cloud of freezing vapour (22)]
 31503 | D:13     | Reached skill level 10 in Fighting
 31831 | D:11     | Bought a book of Flames for 560 gold pieces
 31836 | D:11     | Learned a level 4 spell: Sticky Flame
 31842 | D:11     | Learned a level 5 spell: Fireball
 32294 | D:13     | Noticed Nessos
 32301 | D:13     | Killed Nessos
 32342 | D:13     | Got the broad axe of Kismet {freeze}
 32355 | D:13     | Learned a level 4 spell: Hailstorm
 32615 | D:14     | Found a gate to the Vaults.
 32683 | D:14     | Reached skill level 1 in Shields
 32939 | D:14     | Found a blossoming altar of Fedhas.
 33432 | D:15     | Entered Level 15 of the Dungeon
 33553 | D:15     | Noticed Kirke
 33565 | D:15     | Killed Kirke
 34460 | D:15     | Reached skill level 15 in Spellcasting
 34548 | D:15     | Noticed an acid blob
 34549 | D:15     | Noticed a caustic shrike
 34549 | D:15     | an acid blob changed into a caustic shrike
 34551 | D:15     | Noticed a golden dragon
 34551 | D:15     | a caustic shrike changed into a golden dragon
 34553 | D:15     | Noticed an iron giant
 34553 | D:15     | a golden dragon changed into an iron giant
 34556 | D:15     | Noticed a caustic shrike
 34558 | D:15     | Noticed an acid blob
 34558 | D:15     | a caustic shrike changed into an acid blob
 34562 | D:15     | Killed an acid blob
 34782 | D:15     | Found a staircase to the Depths.
 34792 | Depths:1 | Entered Level 1 of the Depths
 34811 | D:15     | Killed from afar by a deep troll earth mage

Levels and vault maps discovered:
D:1:      tarquinn_simple_flora_water_f, layout_loops_ring
D:2:      layout_basic, okawaru_ov_weapons_minmay
D:3:      layout_basic, gup_sewer_entry_glass
D:4:      minmay_door_path, layout_cave_pools, cheibriados_altar_1,
          first_ration, uniq_ijyb, uniq_robin, uniq_eustachio
D:5:      kennysheep_six_static_rooms, layout_loops_ring, basic_altar,
          minmay_bent
D:6:      layout_rooms, dancing_weapons_uskayaw, fiery_altar_vehumet,
          nicolae_dithmenos_through_a_glass_darkly
D:7:      lemuel_slime, layout_cave_pools, nicolae_overflow_crystal_walls,
          minmay_temple_entry_stoned_glass, serial_gnoll_camp,
          gnoll_camp_medium_01, gnoll_camp_mini_basic, gnoll_camp_huts_basic,
          gnoll_camp_mini_sergeant, gnoll_camp_mini_hut, serial_shops,
          nicolae_shop_trees, uniq_duvessa, uniq_crazy_yiuf_cottage, uniq_joseph
D:8:      layout_loops_ring, nicolae_overflow_hidden_temple, basic_altar,
          serial_shops, shop, shop, nicolae_shop_temple_entry_statues_fountains
D:9:      due_megacathedral, layout_irregular_city, lair_entry_dummy
D:10:     layout_irregular_city, orc_0_dummy, uniq_harold
D:11:     layout_loops_ring, serial_shops, nicolae_shop_stone, basic_altar,
          hangedman_fish_farm
D:12:     layout_basic, small_chamber_with_monster
D:13:     minmay_coctagon, layout_irregular_city, kennysheep_generic_room_14,
          uniq_nessos
D:14:     layout_roguey, erik_vaults_1, fedhas_altar_2
D:15:     gammafunk_enter_depths_forms, layout_basic, minmay_misc_feat_alley,
          uniq_jorgrun, uniq_kirke
Temple:   eino_wide_crystal_templ
Lair:1:   layout_small_grid, uniq_maggie
Lair:2:   layout_regular_city, swamp_mist, enter_volcano_1
Lair:3:   lemuel_ratsnest, layout_long_grid, nicolae_spider_entry_orb_guardian,
          grunt_megastairs_1, infiniplex_staircase_pool_2
Lair:4:   layout_gridlike, serial_bayou_pond_a, pond
Lair:5:   layout_roguey, ebering_ghost_inner_flame
Lair:6:   minmay_lair_end_enchanted_forest, layout_regular_city, slime_dummy,
          gammafunk_ghost_berserking_beasts, basic_altar, uniq_josephine
Orc:1:    layout_caves
Orc:2:    st_orc_ogre_mass, layout_diamond_mine, basic_altar, uniq_azrael
Depths:1: layout_gridville, enter_ziggurat_e, nicolae_lava_and_water,
          hell_entry, minmay_fountain_box, grunt_ministairs_3, drop_trap,
          serial_bayou_lake_a

Skill      XL: |  1  2  3  4  5  6  7  8  9 10 11 12 13 14 15 |
---------------+----------------------------------------------+-----
Fighting       | 1 2 3 4 6 7 9 10 | 10.3
Stealth        | 3 4 5 6 7 |  7.1
Spellcasting   | 4 5 6 7 9 10 11 13 14 15 | 15.0
Short Blades   | 1 2 3 4 5 7 8 9 |  9.2
Conjurations   | 2 3 4 6 8 9 10 | 10.7
Poison Magic   | 1 2 3 4 |  4.6
Air Magic      | 1 2 3 |  3.1
Translocations | 2 3 4 5 |  5.0
Evocations     | 1 2 3 5 |  5.2
Summonings     | 2 3 4 |  4.4
Dodging        | 3 4 5 6 |  6.5
Charms         | 2 3 |  3.1
Ice Magic      | 2 4 |  4.2
Fire Magic     | 1 3 |  3.9
Shields        | 3 |  3.1
Staves         | |  0.3
Throwing       | |  0.1

Action                   |  1- 3 |  4- 6 |  7- 9 | 10-12 | 13-15 || total
-------------------------+-------+-------+-------+-------+-------++-------
Melee: Unarmed           |     7 |       |     8 |       |       ||    15
       Constrict         |    17 |    22 |    44 |    73 |   117 ||   273
       Dagger            |    70 |    53 |   226 |   384 |       ||   733
       Tentacles         |    10 |     8 |    27 |    46 |   145 ||   236
       Short sword       |       |    37 |    15 |       |       ||    52
       Rapier            |       |       |       |    32 |   831 ||   863
       Staff             |       |       |       |       |    37 ||    37
Throw: Dart              |       |       |       |     4 |       ||     4
 Cast: Magic Dart        |    47 |    68 |   137 |   295 |   187 ||   734
       Call Imp          |     2 |    12 |    33 |    57 |    19 ||   123
       Mephitic Cloud    |       |     7 |    37 |   111 |   218 ||   373
       Blink             |       |     4 |    18 |    18 |    30 ||    70
       Conjure Flame     |       |       |    13 |     7 |     5 ||    25
       Ozocubu's Armour  |       |       |       |     6 |    42 ||    48
       Shroud of Golubri |       |       |       |     4 |    28 ||    32
       Fireball          |       |       |       |       |    41 ||    41
       Freezing Cloud    |       |       |       |       |    11 ||    11
       Sticky Flame      |       |       |       |       |     8 ||     8
       Hailstorm         |       |       |       |       |     5 ||     5
 Abil: Evoke Invisibilit |       |       |       |     2 |       ||     2
Evoke: Wand              |       |       |     7 |    12 |    10 ||    29
  Use: Scroll            |       |     2 |     9 |     8 |    11 ||    30
       Potion            |       |       |     6 |     8 |    13 ||    27
 Stab: Sleeping          |     7 |    13 |     4 |    13 |    29 ||    66
       Confused          |       |     3 |     8 |    37 |    56 ||   104
       Distracted        |       |     1 |       |     1 |     4 ||     6
       Invisible         |       |       |       |     2 |     2 ||     4
  Eat: Chunk             |     3 |    10 |    11 |    25 |    34 ||    83
       Ration            |       |       |     2 |       |     7 ||     9
Armor: Skin              |     8 |     3 |    11 |    37 |    72 ||   131
Dodge: Dodged            |    65 |    68 |   139 |   391 |   627 ||  1290
Block: Buckler           |       |       |       |       |    35 ||    35

Table legend:
 A = Non-vault XP
 B = Vault XP
 C = Vault XP percentage of total XP
 D = Non-vault monster count
 E = Vault monster count
 F = Vault count percentage of total count
                 A         B        C        D         E       F
            +---------+---------+-------+---------+---------+-------
      Total |   82461 |   41446 |  33.4 |     640 |     264 |  29.2
            +---------+---------+-------+---------+---------+-------
        D:1 |      61 |       0 |   0.0 |      29 |       0 |   0.0
        D:2 |     109 |       0 |   0.0 |      27 |       0 |   0.0
        D:3 |      42 |      31 |  42.5 |      19 |       5 |  20.8
        D:4 |     545 |     297 |  35.3 |      23 |      16 |  41.0
        D:5 |     746 |     346 |  31.7 |      21 |      10 |  32.3
        D:6 |     836 |       0 |   0.0 |      17 |       0 |   0.0
        D:7 |    1526 |    2244 |  59.5 |      35 |      56 |  61.5
        D:8 |     413 |       0 |   0.0 |      15 |       0 |   0.0
        D:9 |    4840 |     904 |  15.7 |     102 |       5 |   4.7
       D:10 |    4812 |    1002 |  17.2 |      41 |       1 |   2.4
       D:11 |    6565 |     298 |   4.3 |      39 |       1 |   2.5
       D:12 |    7333 |     595 |   7.5 |      43 |       1 |   2.3
       D:13 |    3956 |    4025 |  50.4 |      16 |       7 |  30.4
       D:14 |    5694 |    1808 |  24.1 |      27 |       2 |   6.9
       D:15 |    8776 |    8553 |  49.4 |      23 |      20 |  46.5
     Lair:1 |    2958 |     326 |   9.9 |      16 |       1 |   5.9
     Lair:2 |    4091 |       0 |   0.0 |      17 |       0 |   0.0
     Lair:3 |   12428 |    1767 |  12.4 |      34 |      42 |  55.3
     Lair:4 |    2326 |     516 |  18.2 |       9 |       8 |  47.1
     Lair:5 |    6180 |       0 |   0.0 |      22 |       0 |   0.0
     Lair:6 |    5339 |    8855 |  62.4 |      18 |      47 |  72.3
      Orc:1 |    2013 |     122 |   5.7 |      34 |       1 |   2.9
      Orc:2 |     872 |    6087 |  87.5 |      13 |      17 |  56.7
      Sewer |       0 |     127 | 100.0 |       0 |      11 | 100.0
    Volcano |       0 |    3543 | 100.0 |       0 |      13 | 100.0
            +---------+---------+-------+---------+---------+-------
